 Dungeon Crawl Stone Soup version 0.17-a0-1939-ga475588 (webtiles) character file.

21 MDvedh the Magician (level 2, -10/15 HPs)
             Began as a Gargoyle Wanderer on Sept 29, 2015.
             Splashed by a jelly's acid (11 damage)
             ... on level 1 of the Dungeon.
             The game lasted 00:01:30 (1372 turns).

MDvedh the Magician (Gargoyle Wanderer)             Turns: 1372, Time: 00:01:30

Health: -10/15     AC:  4    Str: 15    XL:     2   Next: 87%
Magic:  2/6        EV: 11    Int: 12    God:
Gold:   35         SH:  0    Dex:  9    Spells: 1 memorised, 6 levels left

rFire  . . .     SeeInvis .     e - +0 club
rCold  . . .     Clarity  .     d - +0 robe
rNeg   + . .     SustAt   .     (no shield)
rPois  ∞         Gourm    .     (no helmet)
rElec  +         Spirit   .     (no cloak)
rCorr  .         Warding  .     (no gloves)
rMut   .         Stasis   .     (no boots)
MR     .....                    (no amulet)
Stlth  +.........               (no ring)
                                (no ring)

@: not resistant to hostile enchantments, very unstealthy
A: negative energy resistance 1, electricity resistance, unbreathing,
petrification resistance, rot immunity, AC +2
a: no special abilities


You were on level 1 of the Dungeon.
You were not hungry.

You visited 1 branch of the dungeon, and saw 1 of its levels.

You collected 35 gold pieces.

Inventory:

Hand weapons
 e - a +0 club (weapon)
Armour
 d - a +0 robe (worn)
Scrolls
 h - 2 scrolls of remove curse {unknown}
Potions
 g - a potion of magic {unknown}
 i - 2 potions of heal wounds {unknown}
Books
 a - a book of Necromancy

   Spells                             Type                      Level
   a - Pain                           Necromancy                   1
   b - Animate Skeleton               Necromancy                   1
   c - Vampiric Draining              Necromancy                   3
   d - Regeneration                   Charms/Necromancy            3
   e - Animate Dead                   Necromancy                   4
   f - Control Undead                 Necromancy                   4
 b - the Catalogue of the Entourage

   Spells                             Type                      Level
   a - Summon Small Mammal            Summoning                    1
   b - Summon Guardian Golem          Hexes/Summoning              3
 c - the Volume of Fanaticism

   Spells                             Type                      Level
   a - Shock                          Conjuration/Air              1
   b - Static Discharge               Conjuration/Air              3
Comestibles
 f - 2 bread rations
 j - 3 fruits
 k - a chunk of flesh


   Skills:
 + Level 2.4 Maces & Flails
 - Level 1.1 Stealth
 - Level 3.0 Spellcasting
   Level 1.0 Summonings
 - Level 1.5 Necromancy
   Level 1.0 Translocations
   Level 1.0 Air Magic
   Level 1.0 Evocations


You had 6 spell levels left.
You knew the following spells:

 Your Spells              Type           Power        Failure   Level  Hunger
a - Pain                  Necr           #...         14%         1    #......


Dungeon Overview and Level Annotations

Branches:
Dungeon (1/15)

Altars:


Innate Abilities, Weirdness & Mutations

You are resistant to torment.
Your stone body is resilient (AC +2).
You are immune to poison.
You resist negative energy.
You are resistant to electric shocks.
You can survive without breathing.
You are immune to petrification.
You are immune to rotting.


Message History

Aim: a jelly (moderately wounded, chance to defeat MR: 56%)
The jelly convulses in agony!
The jelly closely misses you.
Casting: Pain
Confirm with . or Enter, or press ? or * to list all spells.
Aiming: Pain
Press: ? - help, Shift-Dir - straight line, f/p - jelly
Aim: a jelly (moderately wounded, chance to defeat MR: 56%)
The jelly resists with significant effort.
The jelly barely misses you.
Casting: Pain
Confirm with . or Enter, or press ? or * to list all spells.
Aiming: Pain
Press: ? - help, Shift-Dir - straight line, f/p - jelly
Aim: a jelly (moderately wounded, chance to defeat MR: 56%)
The jelly resists with significant effort.
The jelly hits you.
* * * LOW HITPOINT WARNING * * *
You are splashed with acid!
The acid burns!
Ouch! That really hurt!
You die...

......# ......# ######### ......#
#.......# ......# ###.......##
......# ########.'........###
......# #........#...........
.....†#######'####...#.).........
......##......................#..
......'.........@J...>...........
......##.....................##.#
#..........†......####..#######..
#...>............................
#................................
#.................###.....##.#...
##....##............#####.##.....
#....##............# #.##.....
#....##............#####........


You could see a jelly.

Vanquished Creatures
  A giant gecko (D:1)
  2 giant cockroaches (D:1)
  4 hobgoblins (D:1)
  A jackal (D:1)
  4 kobolds (D:1)
  A giant newt (D:1)
  2 goblins (D:1)
  4 rats (D:1)
19 creatures vanquished.

Notes
Turn   | Place    | Note
--------------------------------------------------------------
     0 | D:1      | MDvedh the Gargoyle Wanderer began the quest for the Orb.
     0 | D:1      | MDvedh set off with: a book of Necromancy, the Catalogue of the Entourage, the Volume of Fanaticism, a +0 robe, a +0 club, a bread ration, a !bad item (cl:100,ty:0,pl:0,pl2:0,sp:0,qu:0), a !bad item (cl:100,ty:0,pl:0,pl2:0,sp:0,qu:0), a !bad item (cl:100,ty:0,pl:0,pl2:0,sp:0,qu:0), a !bad item (cl:100,ty:0,pl:0,pl2:0,sp:0,qu:0), a !bad item (cl:100,ty:0,pl:0,pl2:0,sp:0,qu:0), a !bad item (cl:100,ty:0,pl:0,pl2:0,sp:0,qu:0), a !bad item (cl:100,ty:0,pl:0,pl2:0,sp:0,qu:0), a !bad item (cl:100,ty:0,pl:0,pl2:0,sp:0,qu:0), a !bad item (cl:100,ty:0,pl:0,pl2:0,sp:0,qu:0), a !bad item (cl:100,ty:0,pl:0,pl2:0,sp:0,qu:0), a !bad item (cl:100,ty:0,pl:0,pl2:0,sp:0,qu:0), a !bad item (cl:100,ty:0,pl:0,pl2:0,sp:0,qu:0), a !bad item (cl:100,ty:0,pl:0,pl2:0,sp:0,qu:0), a !bad item (cl:100,ty:0,pl:0,pl2:0,sp:0,qu:0), a !bad item (cl:100,ty:0,pl:0,pl2:0,sp:0,qu:0), a !bad item (cl:100,ty:0,pl:0,pl2:0,sp:0,qu:0), a !bad item (cl:100,ty:0,pl:0,pl2:0,sp:0,qu:0), a !bad item (cl:100,ty:0,pl:0,pl2:0,sp:0,qu:0), a !bad item (cl:100,ty:0,pl:0,pl2:0,sp:0,qu:0), a !bad item (cl:100,ty:0,pl:0,pl2:0,sp:0,qu:0), a !bad item (cl:100,ty:0,pl:0,pl2:0,sp:0,qu:0), a !bad item (cl:100,ty:0,pl:0,pl2:0,sp:0,qu:0), a !bad item (cl:100,ty:0,pl:0,pl2:0,sp:0,qu:0), a !bad item (cl:100,ty:0,pl:0,pl2:0,sp:0,qu:0), a !bad item (cl:100,ty:0,pl:0,pl2:0,sp:0,qu:0), a !bad item (cl:100,ty:0,pl:0,pl2:0,sp:0,qu:0), a !bad item (cl:100,ty:0,pl:0,pl2:0,sp:0,qu:0), a !bad item (cl:100,ty:0,pl:0,pl2:0,sp:0,qu:0), a !bad item (cl:100,ty:0,pl:0,pl2:0,sp:0,qu:0), a !bad item (cl:100,ty:0,pl:0,pl2:0,sp:0,qu:0), a !bad item (cl:100,ty:0,pl:0,pl2:0,sp:0,qu:0), a !bad item (cl:100,ty:0,pl:0,pl2:0,sp:0,qu:0), a !bad item (cl:100,ty:0,pl:0,pl2:0,sp:0,qu:0), a !bad item (cl:100,ty:0,pl:0,pl2:0,sp:0,qu:0), a !bad item (cl:100,ty:0,pl:0,pl2:0,sp:0,qu:0), a !bad item (cl:100,ty:0,pl:0,pl2:0,sp:0,qu:0), a !bad item (cl:100,ty:0,pl:0,pl2:0,sp:0,qu:0), a !bad item (cl:100,ty:0,pl:0,pl2:0,sp:0,qu:0), a !bad item (cl:100,ty:0,pl:0,pl2:0,sp:0,qu:0), a !bad item (cl:100,ty:0,pl:0,pl2:0,sp:0,qu:0), a !bad item (cl:100,ty:0,pl:0,pl2:0,sp:0,qu:0), a !bad item (cl:100,ty:0,pl:0,pl2:0,sp:0,qu:0), a !bad item (cl:100,ty:0,pl:0,pl2:0,sp:0,qu:0), a !bad item (cl:100,ty:0,pl:0,pl2:0,sp:0,qu:0), a !bad item (cl:100,ty:0,pl:0,pl2:0,sp:0,qu:0), a !bad item (cl:100,ty:0,pl:0,pl2:0,sp:0,qu:0)
     0 | D:1      | Reached XP level 1. HP: 10/10 MP: 4/4
     0 | D:1      | Identified the Catalogue of the Entourage
     0 | D:1      | Identified the Volume of Fanaticism
   223 | D:1      | Learned a level 1 spell: Pain
   274 | D:1      | Reached skill level 1 in Maces & Flails
   476 | D:1      | Reached XP level 2. HP: 9/15 MP: 6/6
  1372 | D:1      | Splashed by a jelly's acid

Vault maps used:
D:1:      saegor_arrival_under_anarchy

Action                   || total
-------------------------++-------
Melee: Club              ||    89
 Cast: Pain              ||     7
  Eat: Chunk             ||     2
